Map: [ESL] Amphion

Players

Reynor - Winner!

  • Race: Terran Terran
  • League: Master
  • Spawn Location: 11:00

msrm

  • Race: Zerg Zerg
  • Spawn Location: 7:00

Event: Bellum Gens Elite Stara Zagora 2024

VOD

Have the link to the VOD?

Description

Time

  • Played on: Sept. 5, 2024, 7:38 a.m.
  • Length: 8:26

All games in this series

Show
View Real Time Build Order
Export as new Build Order

Reynor Terran - Winner!

Build Orders: Cyclone Opening 

Get SALT Encoding   

  12  0:00  SCV  
  13  0:12  SCV  
  14  0:17  Supply Depot  
  14  0:24  SCV  
  15  0:39  SCV, Barracks  
  16  0:44  Refinery  
  16  0:51  SCV  
  17  1:03  SCV  
  18  1:07  Refinery  
  18  1:15  SCV  
  19  1:26  Marine  
  19  1:27  Orbital Command  
  19  1:31  Supply Depot  
  20  1:33  Bunker  
  20  1:44  Marine  
  21  1:47  Factory  
  21  1:53  Refinery  
  21  1:58  SCV  
  22  2:02  Marine  
  23  2:10  SCV  
  24  2:15  Supply Depot  
  24  2:20  Marine  
  24  2:22  SCV  
  26  2:31  Cyclone  
  26  2:34  SCV  
  29  2:43  Marine, Starport  
  30  2:56  Supply Depot  
  30  3:01  Marine  
  30  3:03  Cyclone  
  32  3:10  SCV  
  33  3:20  Marine  
  33  3:22  SCV  
  35  3:28  Starport Tech Lab  
  35  3:35  Supply Depot  
  35  3:36  Cyclone  
  35  3:38  Marine  
  35  3:39  SCV  
  39  3:50  Banshee  
  42  4:01  Barracks Reactor  
  42  4:09  Command Center  
  42  4:11  Factory Tech Lab  
  41  4:20  SCV  
  42  4:31  Bunker  
  42  4:33  SCV  
  42  4:42  Siege Tank, Marine x2  
  42  4:45  SCV  
  48  4:49  Supply Depot  
  48  4:57  SCV  
  49  5:00  Marine  
  49  5:03  Fusion Core  
  50  5:09  SCV  
  50  5:10  Marine  
  52  5:21  Orbital Command  
  52  5:22  SCV  
  53  5:32  Marine  
  54  5:38  Bunker  
  54  5:39  Siege Tank  
  56  5:45  SCV  
  56  5:46  SCV  
  56  5:47  Marine  
  58  5:50  Marine  
  59  5:57  SCV  
  55  6:05  Marine  
  55  6:08  Marine  
  56  6:16  Battlecruiser  
  62  6:21  Supply Depot  
  62  6:23  Marine  
  62  6:24  SCV  
  64  6:26  Marine  
  65  6:33  Siege Tank  
  65  6:34  SCV  
  65  6:36  SCV  
  70  6:41  Marine  
  70  6:43  Marine  
  70  6:46  SCV  
  73  6:49  Supply Depot  
  73  6:53  Barracks  
  73  6:57  Bunker  
  73  6:58  Marine  
  74  7:01  Marine  
  74  7:08  Siege Tank  
  78  7:10  SCV x2  
  80  7:16  Marine  
  80  7:17  Supply Depot  
  80  7:19  Marine  
  83  7:22  SCV  
  83  7:27  Barracks  
  83  7:28  SCV  
  84  7:34  SCV, Marine  
  81  7:37  Marine  
  81  7:40  SCV, Siege Tank  
  84  7:45  Barracks  
  84  7:47  SCV  
  85  7:52  SCV, Marine  
  85  7:55  Marine  
  88  7:59  SCV  
  88  8:02  Marine  
  88  8:04  Supply Depot, SCV  
  91  8:11  SCV  
Show
View Real Time Build Order
Export as new Build Order

msrm Zerg 

Build Orders: Hatch First, Swarm Host, Ravager All-In 

Get SALT Encoding   

  12  0:00  Drone  
  13  0:10  Drone  
  14  0:14  Extractor  
  14  0:16  Drone  
  15  0:41  Hatchery  
  14  0:46  Drone, Extractor  
  15  0:51  Overlord  
  15  1:07  Spawning Pool  
  15  1:10  Drone  
  15  1:14  Drone  
  15  1:18  Drone  
  17  1:22  Drone  
  18  1:28  Extractor  
  17  1:34  Drone  
  18  1:44  Drone  
  19  1:55  Roach Warren, Queen  
  19  2:01  Queen  
  20  2:05  Drone  
  23  2:12  Overlord  
  23  2:17  Extractor  
  23  2:20  Drone  
  23  2:33  Drone  
  23  2:34  Roach x2  
  28  2:42  Roach  
  30  2:50  Queen  
  32  2:58  Overlord  
  32  3:09  Ravager x2  
  32  3:10  Ravager  
  35  3:13  Drone  
  36  3:21  Roach  
  36  3:22  Roach  
  37  3:30  Queen  
  39  3:34  Overlord  
  39  3:47  Lair  
  39  3:53  Ravager  
  40  3:55  Ravager  
  40  3:57  Overlord  
  41  4:07  Queen  
  43  4:21  Drone x2  
  45  4:24  Spore Crawler  
  41  4:43  Roach x4  
  46  4:48  Overseer  
  46  4:53  Infestation Pit  
  46  4:55  Drone  
  44  5:11  Ravager x2  
  46  5:14  Drone x2  
  48  5:24  Overlord  
  48  5:39  Overlord x2  
  48  5:42  Queen  
  47  5:51  Ravager  
  40  6:12  Roach x4  
  40  6:16  Overlord  
  48  6:46  Swarm Host x3  
  57  6:51  Swarm Host x2  
  57  6:53  Swarm Host  
  66  6:56  Overlord  
  66  7:06  Drone  
  67  7:17  Roach x2  
  67  7:19  Ravager  
  67  7:21  Queen  
  74  7:28  Spore Crawler  
  62  7:41  Queen  
  62  7:43  Spore Crawler  
  46  8:02  Ravager  
Tags
 
Add a new tag
Caveats
  • Supply blocks, unpowered buildings, or Contaminate may cause inaccurate times.
  • Supply counts are checked every 10 seconds.